 Dungeon Crawl Stone Soup version 0.29-a0-997-gf6f7e2dfe7 (webtiles) character file.

Game seed: 2107867482674214463

502 xian the Covered (level 6, -1/53 (55) HPs)
             Began as a Minotaur Fighter on Aug 5, 2022.
             Slain by a wight
             ... wielding a +0 scimitar
              (9 damage)
             ... on level 4 of the Dungeon.
             The game lasted 00:07:57 (3235 turns).

xian the Covered (Minotaur Fighter)                 Turns: 3235, Time: 00:07:58

HP:   -1/53 (55)    AC: 12    Str: 23    XL:     6   Next: 95%
MP:   5/5           EV:  8    Int:  5    God:
Gold: 179           SH:  4    Dex:  9    Spells: 5/5 levels left

rFire   . . .      SeeInvis .   b - +2 dagger (venom)
rCold   . . .      Faith    .   c - +0 buckler
rNeg    . . .      Spirit   .   g - +0 storm dragon scales
rPois   .          Reflect  .   (helmet restricted)
rElec   +          Harm     .   (no cloak)
rCorr   .          Rampage  .   (no gloves)
Will    .....                   (no boots)
Stlth   ..........              k - amulet of the acrobat
HPRegen 0.17/turn               (no ring)
MPRegen 0.09/turn               (no ring)

@: lightly drained
A: horns 2, retaliatory headbutt
a: no special abilities


You were on level 4 of the Dungeon.
You visited 1 branch of the dungeon, and saw 4 of its levels.

You collected 179 gold pieces.

Inventory:

Hand Weapons
 b - a +2 dagger of venom (weapon)
Missiles
 h - 4 atropa-tipped darts (quivered)
 m - 2 curare-tipped darts
Armour
 c - a +0 buckler (worn)
 g - +0 storm dragon scales (worn)
Jewellery
 k - an amulet of the acrobat (around neck)
Wands
 a - a wand of polymorph (6)
Scrolls
 i - a scroll of immolation
 l - a scroll of fear
 o - a scroll of silence {unknown}
 p - a scroll of poison {unknown}
Potions
 d - a potion of might
 e - 2 potions of curing
 f - 2 potions of heal wounds
 j - a potion of flight {unknown}
 n - a potion of berserk rage {unknown}


   Skills:
 + Level 4.8 Fighting
 + Level 3.1 Short Blades
 + Level 3.9 Maces & Flails
 + Level 0.3 Throwing
 + Level 6.1 Armour
 + Level 1.4 Dodging
 + Level 0.1 Stealth
 + Level 5.0 Shields


You had 5 spell levels left.
You didn't know any spells.
Your spell library was empty.

Dungeon Overview and Level Annotations

Branches:
Dungeon (4/15)
 Temple: D:4-7

Altars:

Shops:
D:3 [


Innate Abilities, Weirdness & Mutations

You have a pair of horns on your head.
You reflexively headbutt those who attack you in melee.


Message History

The wight misses you. You furiously retaliate!
You headbutt the wight, but do no damage.
Things that are here:
a +0 mace; a +0 robe You hit the wight but do no damage.
Your headbutt misses the wight.
The wight is lightly damaged.
The wight hits you with a +0 scimitar.
You hit the wight but do no damage.
The wight is lightly damaged.
The wight hits you with a +0 scimitar.
You closely miss the wight.
The wight is lightly damaged.
You closely miss the wight. Your headbutt misses the wight.
The wight is lightly damaged.
The wight closely misses you.
You barely miss the wight.
You headbutt the wight, but do no damage.
The wight is lightly damaged.
You block the wight's attack.
You hit the wight but do no damage.
The wight is lightly damaged.
You block the wight's attack.
You hit the wight but do no damage.
The wight is lightly damaged.
The wight completely misses you.
You closely miss the wight.
The wight is lightly damaged.
You block the wight's attack.
You closely miss the wight.
The wight is lightly damaged.
The wight hits you with a +0 scimitar!
* * * LOW HITPOINT WARNING * * *
You hit the wight but do no damage. Your headbutt misses the wight.
The wight is lightly damaged.
The wight hits you with a +0 scimitar.
* * * LOW HITPOINT WARNING * * *
You closely miss the wight.
The wight is lightly damaged.
The wight hits you with a +0 scimitar!
You die...

#... .....# ###...##....##.
.............. .
#.#....#....# ...
......#....##...
..##.............
...........z........ .....
...#@......... .....
..#.....).... .....#
..##...###### ......
#.#.....####
......##.#........#
.........#......#.###..
..#...................#
.[......####..........#
..##....####..........#####


You could see a wight.

Vanquished Creatures
  Sigmund (D:3)
  A wight (D:4)
  Jessica (D:2)
  Natasha (thrice) (D:3)
  An orc wizard (D:2)
  Robin (D:3)
  3 adders
  4 worms
  3 dart slugs
  7 orcs
  4 endoplasms (D:1)
  4 giant cockroaches
  13 goblins
  13 hobgoblins
  2 quokkas
  12 ball pythons
  6 bats
  6 frilled lizards
  8 kobolds
  8 rats
101 creatures vanquished.

Vanquished Creatures (others)
  2 plants (D:4)
2 creatures vanquished.

Grand Total: 103 creatures vanquished

Notes
Turn   | Place    | Note
-------+----------+-------------------------------------------
     0 | D:1      | xian the Minotaur Fighter began the quest for the Orb.
     0 | D:1      | Reached XP level 1. HP: 19/19 MP: 0/0
   127 | D:1      | Reached XP level 2. HP: 22/27 MP: 1/1
   562 | D:1      | Reached skill level 4 in Armour
   565 | D:1      | Reached XP level 3. HP: 15/33 MP: 2/2
  1213 | D:2      | Noticed Jessica
  1245 | D:2      | Killed Jessica
  1246 | D:2      | Reached XP level 4. HP: 31/40 MP: 3/3
  1482 | D:2      | Identified the +1 ring mail of Rikifim {rElec Regen+
                  | Slay-3}
  1815 | D:2      | Found a faded altar of an unknown god.
  1817 | D:2      | Reached skill level 1 in Dodging
  1817 | D:2      | Reached XP level 5. HP: 47/47 MP: 4/4
  1820 | D:2      | Reached skill level 1 in Short Blades
  2129 | D:3      | Noticed Sigmund
  2135 | D:3      | Killed Sigmund
  2136 | D:3      | Reached skill level 5 in Armour
  2136 | D:3      | Reached XP level 6. HP: 44/53 MP: 5/5
  2217 | D:3      | Noticed Robin
  2218 | D:3      | Noticed Natasha
  2231 | D:3      | Killed Robin
  2251 | D:3      | Killed Natasha
  2252 | D:3      | Reached skill level 5 in Shields
  2566 | D:3      | Found Xinishreh's Antique Armour Shop.
  2586 | D:3      | Noticed Natasha
  2596 | D:3      | Killed Natasha
  2744 | D:3      | Noticed Natasha
  2752 | D:3      | Killed Natasha
  3224 | D:4      | Reached skill level 6 in Armour
  3235 | D:4      | Slain by a wight

Illustrated notes

Levels and vault maps discovered:
D:1:      kennysheep_arrival_seaside, layout_basic
D:2:      layout_basic, chequers_ecumenical_altar_twisty, minmay_between,
          uniq_jessica
D:3:      layout_loops_cross, serial_shops, shop, uniq_sigmund, uniq_natasha,
          uniq_robin
D:4:      layout_basic, serial_forest, infiniplex_forest_clump_small,
          infiniplex_forest_lined_room_2, infiniplex_forest_diagonal,
          infiniplex_forest_clump_medium, infiniplex_forest_lined_room_,
          serial_park_tiny_pond, minivault_23, uniq_duvessa, uniq_blork_the_orc,
          uniq_ijyb

Skill      XL: |  1  2  3  4  5  6 |
---------------+-------------------+-----
Shields        | 4 5 |  5.0
Fighting       | 4 |  4.8
Armour         | 4 5 6 |  6.1
Maces & Flails | 3 |  3.9
Dodging        | 1 |  1.4
Short Blades   | 2 3 |  3.1
Throwing       | |  0.3
Stealth        | |  0.1

Action                   |  1- 3 |  4- 6 || total
-------------------------+-------+-------++-------
Melee: Flail             |    51 |       ||    51
       Headbutt          |    17 |    28 ||    45
       Dagger            |    46 |   167 ||   213
Throw: Dart              |     1 |     1 ||     2
  Use: Potion            |     1 |       ||     1
       Scroll            |       |     4 ||     4
Armor: Scale mail        |    18 |       ||    18
       Storm dragon scal |    58 |    67 ||   125
Dodge: Dodged            |    45 |    67 ||   112
Block: Buckler           |    24 |    22 ||    46

Table legend: (Time is in decaauts)
 A = Elapsed time spent in this place.
 B = Non-inter-level travel time spent in this place.
 C = Inter-level travel time spent in this place.
 D = Time resting spent in this place.
 E = Time spent auto-exploring this place.
 F = Levels seen in this place.
 G = Mean time per level.
                   A        B        C        D        E       F      G
               +--------+--------+--------+--------+--------+-----+--------+
         Total |   3247 |   3182 |     65 |      0 |   2307 |   4 |  811.8 |
       Dungeon |   3247 |   3182 |     65 |      0 |   2307 |   4 |  811.8 |
               +--------+--------+--------+--------+--------+-----+--------+

Top non-repeatable levels by time:
     D:1: 1089 daAuts
     D:2: 1060 daAuts
     D:3: 887 daAuts
     D:4: 210 daAuts
